 Dungeon Crawl Stone Soup version 0.25.0-3-gd7cc5688da (webtiles) character file.

Game seed: 3306881181256160451

53 mopl the Chopper (level 3, -1/33 HPs)
             Began as a Naga Gladiator on June 15, 2020.
             Slain by a gnoll
             ... wielding a +0 flail
              (6 damage)
             ... on level 1 of the Dungeon.
             The game lasted 00:01:38 (1528 turns).

mopl the Chopper (Naga Gladiator)                   Turns: 1528, Time: 00:01:39

Health: -1/33      AC:  9    Str: 17    XL:     3   Next: 89%
Magic:  3/3        EV:  5    Int:  8    God:
Gold:   104        SH:  0    Dex: 12    Spells: 2/2 levels left

rFire    + . .     SeeInvis +   a - +0 war axe
rCold    . . .     Gourm    .   (no shield)
rNeg     . . .     Faith    .   j - +0 chain mail
rPois    +         Spirit   .   c - +0 helmet
rElec    .         Reflect  .   (no cloak)
rCorr    .         Harm     .   g - +2 pair of gloves
MR       .....                  (no barding)
Stlth    ..........             (no amulet)
HPRegen  0.11/turn              b - ring of protection from fire
MPRegen  0.08/turn              (no ring)

@: very slow
A: large, see invisible, deformed body, poison resistance, slowness 2, slow
metabolism 1, spit poison 1, AC +1
a: Spit Poison


You were on level 1 of the Dungeon.
You were not hungry.

You visited 1 branch of the dungeon, and saw 2 of its levels.

You collected 104 gold pieces.

Inventory:

Hand Weapons
 a - a +0 war axe (weapon)
Missiles
 d - 3 throwing nets (quivered)
Armour
 c - a +0 helmet (worn)
 g - a +2 pair of gloves (worn)
 j - a +0 chain mail (worn)
Jewellery
 b - a ring of protection from fire (left hand)
Scrolls
 e - 5 scrolls of amnesia {unknown}
 i - a scroll of enchant weapon {unknown}
 n - a scroll of identify {unknown}
Potions
 h - 3 potions of heal wounds {unknown}
 k - 2 potions of stabbing {unknown}
 m - a potion of mutation {unknown}
Comestibles
 f - 7 rations


   Skills:
 + Level 2.8 Fighting
 * Level 4.2 Axes
 - Level 1.7 Throwing
 - Level 2.4 Dodging


You had 2 spell levels left.
You didn't know any spells.
Your spell library was empty.

Dungeon Overview and Level Annotations

Branches:
Dungeon (2/15)

Altars:


Innate Abilities, Weirdness & Mutations

You cannot wear boots.
Your serpentine skin is tough. (AC +1)
You have supernaturally acute eyesight. (SInv)
Armour fits poorly on your strangely shaped body.
Your system is resistant to poisons. (rPois)
You cover ground very slowly.
You have a slow metabolism.
You can spit poison.


Message History

The gnoll hits you with a +0 whip! The gnoll hits you with a +0 flail!
The gnoll hits you but does no damage.
Unknown command.
The gnoll completely misses you. The gnoll hits you with a +0 flail!
The gnoll hits you from afar with a cursed -1 spear.
* * * LOW HITPOINT WARNING * * *
You climb upwards.
You have got your breath back.
There is a stone staircase leading down here.
You barely miss the gnoll.
The gnoll is moderately wounded.
You hit the gnoll. The gnoll hits you but does no damage.
The gnoll hits you with a +0 flail.
* * * LOW HITPOINT WARNING * * *
The gnoll hits you but does no damage.
Your chain mail prevents you from hitting the gnoll.
The gnoll is moderately wounded.
Your chain mail prevents you from hitting the gnoll.
The gnoll hits you with a +0 flail.
You die...

#.# ##...## #.#
#.######## ##.## #.#
#........##########.#
###.#.##.#..........#
#.#.##.#.#.#.######
#.#........#.#
#.####.#.###.#
#.####.#.....#
#g@g...####### ##
######## #. #( ###.
#... #.#. #.#. #.#.
#.#.


You could see 2 gnolls.

Vanquished Creatures
  2 adders (D:2)
  3 worms (D:2)
  A dart slug (D:1)
  2 bats (D:1)
  2 giant cockroaches (D:1)
  5 goblins
  2 hobgoblins (D:1)
  A ball python (D:1)
  3 frilled lizards (D:1)
  4 kobolds
  2 rats
27 creatures vanquished.

Notes
Turn   | Place    | Note
-------+----------+-------------------------------------------
     0 | D:1      | mopl the Naga Gladiator began the quest for the Orb.
     0 | D:1      | Reached XP level 1. HP: 19/19 MP: 1/1
   121 | D:1      | Reached XP level 2. HP: 11/26 MP: 2/2
   914 | D:1      | You fall into a shaft and drop 1 floor!
   986 | D:2      | Reached XP level 3. HP: 26/33 MP: 3/3
  1193 | D:2      | Reached skill level 4 in Axes
  1528 | D:1      | Slain by a gnoll

Illustrated notes

Levels and vault maps discovered:
D:1:      saegor_arrival_simple_a, layout_loops_cross,
          chequers_serial_rivers_room_b, minmay_misc_feat_diagonals,
          solitary_fountain, roderic_roman_lattice, minmay_indecisive_spiral
D:2:      layout_loops_ring, minitemple, chequers_ecumenical_altar_simple_redux,
          kennysheep_nub, chequers_mini_garden, uniq_crazy_yiuf_cottage

Skill      XL: |  1  2  3 |
---------------+----------+-----
Axes           | 4 |  4.2
Fighting       | |  2.8
Throwing       | |  1.7
Dodging        | |  2.4

Action                   || total
-------------------------++-------
Melee: War axe           ||    93
 Abil: Spit Poison       ||     2
  Eat: Chunk             ||     1
Armor: Leather armour    ||    10
       Chain mail        ||    56
Dodge: Dodged            ||    52
